Map: Frozen Temple

Players

Fropez - Winner!

  • Race: Protoss Protoss
  • League: Silver
  • Spawn Location: 11:00

njdevilsfan

  • Race: Terran Terran
  • League: Silver
  • Spawn Location: 5:00

VOD

Have the link to the VOD?

Description

Time

  • Played on: June 7, 2016, 2:16 p.m.
  • Length: 4:51
Show
View Real Time Build Order
Export as new Build Order

Fropez Protoss - Winner!

Build Orders:  

Get SALT Encoding   

  12  0:01  Probe (Chrono Boost)  
  13  0:15  Pylon  
  13  0:18  Probe (Chrono Boost)  
  14  0:34  Gateway  
  14  0:36  Probe (Chrono Boost)  
  14  0:42  Assimilator  
  15  0:46  Probe (Chrono Boost)  
  16  0:58  Gateway  
  16  1:00  Probe (Chrono Boost)  
  17  1:10  Probe (Chrono Boost)  
  18  1:14  Pylon  
  18  1:29  Probe (Chrono Boost)  
  19  1:33  Cybernetics Core  
  20  1:40  Probe (Chrono Boost)  
  20  1:50  Probe (Chrono Boost)  
  21  1:57  Pylon  
  21  1:59  Assimilator  
  21  2:01  Probe (Chrono Boost)  
  22  2:09  Pylon  
  21  2:17  Stalker  
  21  2:18  Stalker  
  25  2:30  Mothership Core (Chrono Boost)  
  27  2:45  Gateway  
  27  2:47  Stalker  
  29  3:01  Stalker  
  31  3:08  Probe (Chrono Boost)  
  31  3:11  Warp Gate (Chrono Boost)  
  32  3:17  Stalker  
  32  3:19  Probe  
  35  3:31  Probe, Stalker  
  38  3:43  Probe  
  38  3:45  Pylon  
  39  4:03  Forge  
  39  4:15  Gateway  
  39  4:19  Pylon  
  39  4:21  Probe  
Show
View Real Time Build Order
Export as new Build Order

njdevilsfan Terran 

Build Orders:  

Get SALT Encoding   

  12  0:01  SCV  
  13  0:13  SCV  
  14  0:17  Supply Depot  
  14  0:25  SCV  
  15  0:39  SCV  
  15  0:41  Barracks  
  16  0:48  Refinery  
  16  0:51  SCV  
  17  1:03  SCV  
  18  1:15  SCV  
  19  1:29  Orbital Command  
  19  1:31  Supply Depot  
  19  1:32  Reaper  
  20  1:57  SCV  
  21  2:03  Command Center  
  21  2:10  SCV  
  22  2:18  Marine  
  23  2:26  SCV  
  23  2:28  Barracks  
  24  2:30  Barracks  
  24  3:00  Barracks Reactor  
  24  3:03  Factory  
  24  3:04  SCV  
  24  3:05  Refinery  
  25  3:08  Engineering Bay  
  25  3:15  Orbital Command  
  25  3:16  SCV  
  25  3:19  Barracks Tech Lab x2  
  26  3:26  Refinery  
  26  3:36  SCV  
  26  3:38  Supply Depot  
  26  3:40  Marine x3  
  26  3:41  Marine  
  30  4:00  Factory Reactor  
  29  4:11  SCV  
  31  4:17  Marine  
  31  4:18  Marine x3  
  31  4:23  SCV  
  32  4:34  Starport  
Tags
 
Matchup
PvT
Replay Pack
All Mines
Spawn Locations
Cross Positions
Add a new tag
Caveats
  • Supply blocks, unpowered buildings, or Contaminate may cause inaccurate times.
  • Supply counts are checked every 10 seconds.